 Dungeon Crawl Stone Soup version 0.25.0-11-g1f837a76a1 (webtiles) character file.

Game seed: 6925958939755482925

13037 Delamore the Severer (level 12, -15/106 HPs)
             Began as a Hill Orc Monk on June 24, 2020.
             Was a High Priest of Okawaru.
             Demolished by an orc warlord
             ... wielding a +3 long sword
              (24 damage)
             ... on level 12 of the Dungeon.
             The game lasted 00:17:50 (16572 turns).

Delamore the Severer (Hill Orc Monk)               Turns: 16572, Time: 00:17:51

Health: -15/106    AC: 25    Str: 19    XL:     12   Next: 1%
Magic:  8/12       EV: 19    Int: 10    God:    Okawaru [*****.]
Gold:   698        SH:  0    Dex: 19    Spells: 11/11 levels left

rFire    . . .     SeeInvis .   M - +7 war axe "Rophoell" {protect, Dex+6}
rCold    + + +     Gourm    .   (no shield)
rNeg     . . .     Faith    +   r - +4 scale mail {rC+}
rPois    .         Spirit   .   (no helmet)
rElec    .         Reflect  .   A - +0 cloak
rCorr    .         Harm     .   l - +2 pair of gloves {archery}
MR       .....     NoCast   +   K - +0 pair of boots of the Trees {-Cast +Inv rC+++ Stlth-}
Stlth    ..........             C - amulet of faith
HPRegen  0.27/turn              S - +4 ring of evasion
MPRegen  0.13/turn              b - +4 ring of evasion

@: protection aura
A: no striking features
a: Heroism, Finesse, Renounce Religion, Evoke Invisibility


You were on level 12 of the Dungeon.
You worshipped Okawaru.
Okawaru was extremely pleased with you.
You were not hungry.

You visited 2 branches of the dungeon, and saw 13 of its levels.

You collected 698 gold pieces.

Inventory:

Hand Weapons
 a - a +0 hand axe
 e - a +2 spear of venom
 s - a +2 spear of flaming
 M - the +7 war axe "Rophoell" (weapon) {protect, Dex+6}
   (You found it on level 10 of the Dungeon)

   It grants its wielder temporary protection when it strikes (+7 to AC).
   It affects your dexterity (+6).
Missiles
 B - 2 throwing nets (quivered)
 J - 3 atropa-tipped darts
 N - 7 poisoned darts
Armour
 l - a +2 pair of gloves of archery (worn)
 r - a +4 scale mail of cold resistance (worn)
 z - a cursed +0 plate armour
 A - a +0 cloak (worn)
 K - the +0 pair of boots of the Trees (worn) {-Cast +Inv rC+++ Stlth-}
   (Okawaru gifted it to you on level 9 of the Dungeon)

   It renders you almost immune to cold.
   It lets you turn invisible.
   It prevents spellcasting.
   It makes you less stealthy.
 O - a +1 pair of boots
Jewellery
 b - a +4 ring of evasion (right hand)
 h - an uncursed ring of see invisible
 w - an uncursed amulet of reflection
 C - an amulet of faith (around neck)
 S - a +4 ring of evasion (left hand)
Wands
 q - a wand of acid (15)
 D - a wand of paralysis (9)
 E - a wand of disintegration (13)
 H - a wand of clouds (10)
 P - a wand of iceblast (8)
Scrolls
 f - 5 scrolls of teleportation {unknown}
 g - 2 scrolls of immolation
 i - 6 scrolls of remove curse
 j - 5 scrolls of magic mapping
 n - a scroll of random uselessness {unknown}
 y - a scroll of amnesia {unknown}
 F - a scroll of holy word {unknown}
 G - a scroll of enchant armour
 I - a scroll of noise {unknown}
 R - a scroll of fog {unknown}
 T - a scroll of fear {unknown}
 U - 2 scrolls of identify
Potions
 d - 4 potions of degeneration
 k - a potion of might
 m - 4 potions of flight
 o - 7 potions of curing
 p - 4 potions of haste
 t - 5 potions of stabbing
 u - 3 potions of berserk rage
 v - a potion of mutation
 x - a potion of brilliance {unknown}
 L - a potion of lignification {unknown}
Comestibles
 c - 24 rations
 Q - 7 chunks of flesh


   Skills:
 + Level 10.1 Fighting
 - Level 18.5 Axes
 + Level 8.6 Armour
 - Level 2.4 Dodging
 - Level 1.5 Stealth


You had 11 spell levels left.
You didn't know any spells.
Your spell library was empty.

Dungeon Overview and Level Annotations

Branches:
Dungeon (12/15)            Temple (0/1) D:7            Lair (0/6) D:8
    Orc (1/2) D:12

Altars:
Dithmenos
Hepliaklqana
Kikubaaqudgha
Okawaru
Ru
Trog
Vehumet
Wu Jian
Xom
Zin

Shops:
D:9 [

Annotations:
D:8 3 runed translucent doors, Anaz's ghost, novice DgAE; cantrip's ghost, novice FoFi


Message History

The orc warlord hits you with a +3 long sword.
* * * LOW HITPOINT WARNING * * *
The orc warlord blocks your attack.
The orc warlord is almost dead.
Your hands slow down.
You barely miss the orc warlord.
The orc warlord is almost dead.
The orc warlord barely misses you. The orc warlord blocks your attack.
The orc warlord is almost dead.
The orc warlord blocks your attack.
The orc warlord is almost dead.
The orc warlord hits you with a +3 long sword!
* * * LOW HITPOINT WARNING * * *
You hit the orc warlord but do no damage.
The orc warlord is almost dead.
You slash the orc warlord!
The orc warlord is almost dead.
The orc warlord hits you with a +3 long sword!!
You die...

.# ##.# #...<.....# '###
######'########.........#
...#####.........##..'.........##
...#...'.........##.##.........#.
...'.###.........##.##.........#.
...### #.).......##.##.........'.
...# #.........#..##........<##
#'## #.......###.###.........#
#.# #....####@############'## #.#
######..(o)..#### #..# #.#
###.............### #.## #.#
##....#.......#....###.# #.#
##....###.....###....##.# #.#
#.....###.8.8.###..8..### #.#
##......#.......#......## #.#
#..#.#..#..#+#..#..#'#..# ..#
#.##.##.#.##.##.#.##[##.#


You could see an orc warlord.

Vanquished Creatures
  A two-headed ogre (D:8)
  An ugly thing (D:11)
  An orc sorcerer (Orc:1)
  A cyclops (D:12)
  2 gargoyles (D:10)
  Psyche (D:9)
  A centaur skeleton (D:11)
  4 trolls
  2 hippogriffs
  4 hogs (D:8)
  A human (D:8)
  6 yaks (D:10)
  A water moccasin (D:12)
  A black bear (D:10)
  2 sky beasts
  An eye of draining (D:10)
  3 ice beasts
  16 orc warriors
  6 phantoms
  6 ogres
  A wolf (D:7)
  5 centaurs
  2 crocodiles
  3 big kobolds
  2 bullfrogs
  A gnoll sergeant (D:7)
  A wyvern skeleton (D:10)
  2 scorpions
  4 killer bees (D:9)
  7 wights
  4 howler monkeys
  3 electric eels (D:8)
  2 crimson imps
  A bullfrog zombie (D:8)
  A gnoll shaman (D:7)
  11 hounds
  11 orc priests
  2 bullfrog skeletons (D:10)
  A jelly (D:10)
  11 orc wizards
  Jessica (D:3)
  Terence (D:2)
  4 iguanas
  10 worker ants
  3 hound skeletons
  A howler monkey zombie (D:5)
  15 gnolls
  18 adders
  6 shadow imps
  3 adder zombies
  3 adder skeletons
  3 worms (D:2)
  A dart slug (D:2)
  4 leopard geckos
  81 orcs
  7 giant cockroaches
  5 goblins
  5 hobgoblins
  8 jackals
  9 quokkas
  3 ball pythons
  9 bats
  2 frilled lizards
  17 kobolds
  A leopard gecko skeleton (D:4)
  A quokka skeleton (D:4)
  7 rats
364 creatures vanquished.

Vanquished Creatures (others)
  A gnoll (D:8)
  9 fungi (D:6)
10 creatures vanquished.

Grand Total: 374 creatures vanquished

Notes
Turn   | Place    | Note
-------+----------+-------------------------------------------
     0 | D:1      | Delamore the Hill Orc Monk began the quest for the Orb.
     0 | D:1      | Reached XP level 1. HP: 19/19 MP: 1/1
   229 | D:1      | Reached XP level 2. HP: 26/26 MP: 2/2
   296 | D:1      | Reached skill level 5 in Axes
   909 | D:2      | Reached XP level 3. HP: 19/31 MP: 3/3
  1163 | D:1      | Reached skill level 6 in Axes
  1424 | D:2      | Reached XP level 4. HP: 12/39 MP: 4/4
  1773 | D:2      | Found a shimmering altar of Xom.
  2160 | D:2      | Noticed Terence
  2176 | D:2      | Killed Terence
  2176 | D:2      | Reached skill level 7 in Axes
  2355 | D:2      | Found a sacrificial altar of Ru.
  2592 | D:3      | Reached XP level 5. HP: 40/45 MP: 5/5
  2745 | D:3      | Reached skill level 8 in Axes
  3339 | D:3      | Reached XP level 6. HP: 48/51 MP: 6/6
  3398 | D:3      | Found a radiant altar of Vehumet.
  3437 | D:3      | Found a shadowy altar of Dithmenos.
  3465 | D:3      | Noticed Jessica
  3470 | D:3      | Killed Jessica
  3810 | D:3      | Found a faded altar of an unknown god.
  3837 | D:4      | Reached skill level 9 in Axes
  4289 | D:4      | Reached skill level 10 in Axes
  4289 | D:4      | Reached XP level 7. HP: 54/57 MP: 7/7
  4511 | D:4      | You fall into a shaft and drop 1 floor!
  4511 | D:5      | Entered Level 5 of the Dungeon
  4680 | D:5      | Found an ornate altar of the Wu Jian Council.
  4734 | D:5      | Reached skill level 11 in Axes
  4963 | D:5      | Reached XP level 8. HP: 56/64 MP: 8/8
  5307 | D:4      | Reached skill level 12 in Axes
  5596 | D:5      | Found a hazy altar of Hepliaklqana.
  5865 | D:6      | Reached skill level 13 in Axes
  6648 | D:6      | Reached skill level 14 in Axes
  6659 | D:6      | Reached XP level 9. HP: 44/70 MP: 9/9
  7409 | D:6      | Found an iron altar of Okawaru.
  7416 | D:6      | Became a worshipper of Warmaster Okawaru
  7416 | D:6      | Reached * piety under Okawaru
  7416 | D:6      | Reached ** piety under Okawaru
  7641 | D:7      | Reached skill level 15 in Axes
  7925 | D:7      | Found an ancient bone altar of Kikubaaqudgha.
  8264 | D:7      | Found a staircase to the Ecumenical Temple.
  8699 | D:8      | Found a bloodstained altar of Trog.
  8989 | D:8      | Reached skill level 16 in Axes
  9001 | D:8      | Reached *** piety under Okawaru
  9284 | D:8      | Noticed a two-headed ogre
  9294 | D:8      | Killed a two-headed ogre
  9294 | D:8      | Reached **** piety under Okawaru
  9294 | D:8      | Reached skill level 17 in Axes
  9294 | D:8      | Reached XP level 10. HP: 49/77 MP: 10/10
  9624 | D:8      | Found a staircase to the Lair.
 10468 | D:8      | Reached skill level 18 in Axes
 10483 | D:8      | Reached ***** piety under Okawaru
 10994 | D:8      | Found a runed translucent gate.
 10995 | D:8      | Found a runed translucent gate.
 10996 | D:8      | Found a runed translucent gate.
 11002 | D:8      | Noticed cantrip's ghost (novice FoFi)
 11002 | D:8      | Noticed Anaz's ghost (novice DgAE)
 11739 | D:9      | Reached skill level 1 in Armour
 12071 | D:9      | Noticed Psyche
 12081 | D:9      | Killed Psyche
 12095 | D:9      | Reached skill level 5 in Fighting
 12240 | D:9      | Found Hema's Antique Armour Emporium.
 12290 | D:9      | Received a gift from Okawaru
 12291 | D:9      | Got a pair of fading boots {god gift}
 12302 | D:9      | Identified the +0 pair of boots of the Trees {-Cast +Inv
                  | rC+++ Stlth-} (Okawaru gifted it to you on level 9 of the
                  | Dungeon)
 12350 | D:9      | Noticed an angel
 12351 | D:9      | Found a glowing silver altar of Zin.
 12574 | D:10     | Entered Level 10 of the Dungeon
 12817 | D:10     | Got a polished war axe
 12818 | D:10     | Identified the +7 war axe "Rophoell" {protect, Dex+6} (You
                  | found it on level 10 of the Dungeon)
 12911 | D:10     | Reached XP level 11. HP: 89/89 MP: 11/11
 13192 | D:10     | Reached skill level 5 in Armour
 14341 | D:11     | Noticed a white ugly thing
 14356 | D:11     | Killed a white ugly thing
 14842 | D:11     | Received a gift from Okawaru
 15508 | D:12     | Found a staircase to the Orcish Mines.
 15633 | D:12     | Noticed a cyclops
 15636 | D:12     | Killed a cyclops
 16521 | Orc:1    | Entered Level 1 of the Orcish Mines
 16521 | Orc:1    | Noticed an orc warlord
 16521 | Orc:1    | Noticed an orc sorcerer
 16528 | Orc:1    | Killed an orc sorcerer
 16528 | Orc:1    | Reached skill level 10 in Fighting
 16536 | D:12     | Reached XP level 12. HP: 85/106 MP: 12/12
 16572 | D:12     | Demolished by an orc warlord

Illustrated notes

Levels and vault maps discovered:
D:1:      minmay_arrival_cross, layout_loops_ring
D:2:      layout_loops_corners, lemuel_doored_altar, nicolae_ru_path_of_blood,
          uniq_terence
D:3:      layout_basic, nicolae_dithmenos_through_a_glass_darkly,
          vehumet_crystals, first_ration, chequers_ecumenical_altar_grove,
          uniq_jessica
D:4:      layout_gridville, kennysheep_generic_room_7
D:5:      layout_loops_ring, lemuel_round_altar, kennysheep_mini
D:6:      wander_river, layout_rooms, old_standard_altar, serial_aquarium,
          aquarium_bridge_square [aquarium_subvault_window,
          aquarium_subvault_wall, aquarium_subvault_bridge,
          aquarium_subvault_window], aquarium_window_fake, aquarium_window_1,
          aquarium_window_fake, aquarium_window_1, aquarium_view_2d,
          aquarium_view_2e, aquarium_balcony_5b, aquarium_pool_1
D:7:      layout_gridville, nicolae_overflow_crystal_walls,
          minmay_temple_entry_enclosed_plants
D:8:      layout_basic, erik_lair_island, basic_altar, gammafunk_ghost_cemetery,
          grunt_livestock
D:9:      layout_cave_pools, zin_angel, serial_shops, nicolae_shop_behind_doors,
          uniq_psyche
D:10:     layout_irregular_city
D:11:     layout_irregular_city
D:12:     layout_roguey [special_room_orc], david_orc_1_choice, minivault_11,
          fountainhead
Orc:1:    layout_diamond_mine, basic_altar

Skill      XL: |  1  2  3  4  5  6  7  8  9 10 11 |
---------------+----------------------------------+-----
Axes           | 5 6 7 8 10 11 14 17 18 | 18.5
Fighting       | 5 10 | 10.1
Armour         | 4 8 |  8.6
Dodging        | |  2.4
Stealth        | |  1.5

Action                   |  1- 3 |  4- 6 |  7- 9 | 10-12 || total
-------------------------+-------+-------+-------+-------++-------
Melee: Hand axe          |    20 |       |       |       ||    20
       Spear             |    33 |   204 |   673 |   358 ||  1268
       War axe           |       |       |       |   319 ||   319
Invok: Finesse           |       |       |       |     1 ||     1
Evoke: Wand              |       |       |     2 |     2 ||     4
  Use: Scroll            |       |       |     8 |     7 ||    15
       Potion            |       |       |       |     2 ||     2
 Stab: Sleeping          |     4 |     2 |       |       ||     6
       Paralysed         |       |       |       |     6 ||     6
  Eat: Chunk             |       |     7 |    17 |    23 ||    47
       Ration            |       |     1 |       |       ||     1
Armor: Robe              |    13 |     2 |       |       ||    15
       Scale mail        |       |    47 |   211 |   163 ||   421
Dodge: Dodged            |    40 |    68 |   262 |   329 ||   699
Block: Other             |       |       |    26 |       ||    26
